 Dungeon Sprint DCSS version 0.26-a0-1191-ge2a0e31ab3 (webtiles) character file.

Game seed: 17084786937416798879

8934 reriks the Impaler (level 11, -2/102 HPs)
             Began as a Merfolk Berserker on Dec 28, 2020.
             Was the Champion of Trog.
             Engulfed by a cloud of freezing vapour (24 damage)
             ... in the Dungeon (Sprint II: "The Violet Keep of Menkaure").
             The game lasted 00:10:36 (4463 turns).

reriks the Impaler (Merfolk Berserker)              Turns: 4463, Time: 00:10:37

Health: -2/102     AC: 19    Str: 22    XL:     11   Next: 38%
Magic:  11/11      EV: 15    Int:  6    God:    Trog [******]
Gold:   1249       SH:  0    Dex: 13    Spells: 10/10 levels left

rFire    . . .     SeeInvis .   E - +8 halberd "Pavag" {vorpal, +Fly Will+}
rCold    . . .     Faith    +   (shield currently unavailable)
rNeg     . . .     Spirit   .   k - +0 plate armour
rPois    .         Reflect  .   D - +1 hat
rElec    +         Harm     .   (no cloak)
rCorr    +         Rampage  .   (no gloves)
Will     +++..     NoTele   +   J - +2 pair of boots "Silorgh" {rElec}
Stlth    ..........             u - amulet of faith
HPRegen  1.27/turn              s - ring of resist corrosion
MPRegen  0.12/turn              (no ring)

@: berserk cooldown, regenerating, slowed, very slow
A: change form in water, swift swim, stealthy swim
a: Renounce Religion, Evoke Flight, Berserk, Trog's Hand, Brothers in Arms


You were in the Dungeon.
You worshipped Trog.
Trog was exalted by your worship.
You visited 1 branch You collected 1927 gold pieces.
You spent 678 gold pieces at shops.

Inventory:

Hand Weapons
 a - a +0 spear
 i - a +0 trident
 v - a +3 vorpal halberd
 A - a +2 antimagic glaive
 B - a +3 demon trident
 C - a +0 antimagic halberd
 E - the +8 halberd "Pavag" (weapon) {vorpal, +Fly Will+}
   (Trog gifted it to you in the Dungeon)

   It inflicts extra damage upon your enemies.
   It affects your willpower, your defense against some magical effects.
   It lets you fly.
Armour
 b - a +0 animal skin
 k - a +0 plate armour (worn)
 z - a +0 helmet
 D - a +1 hat (worn)
 J - the +2 pair of boots "Silorgh" (worn) {rElec}
   (You found it in the Dungeon)

   It insulates you from electricity.
 K - the +0 ring mail of the Marlin {rElec rPois Regen+ Dex-5}
   (You found it in the Dungeon)

   It affects your dexterity (-5).
   It insulates you from electricity.
   It protects you from poison.
   It increases your rate of regeneration.
Jewellery
 s - a ring of resist corrosion (left hand)
 u - an amulet of faith (around neck)
 F - the amulet "Apor" {Will+ Regen+ MP+9, unknown}
   (You found it in the Dungeon)

   [amulet of regeneration]

   It affects your willpower, your defense against some magical effects.
   It affects your magic capacity (+9).
   It increases your rate of regeneration.
 G - the ring of Egeetes {Wiz rF+, unknown}
   (You found it in the Dungeon)

   [ring of wizardry]

   It improves your spell success rate.
   It protects you from fire.
 H - an uncursed amulet of the acrobat {unknown}
Scrolls
 h - 3 scrolls of blinking
 l - 3 scrolls of enchant armour {unknown}
 m - a scroll of immolation {unknown}
 n - a scroll of random uselessness {unknown}
 r - 4 scrolls of remove curse
 x - a scroll of enchant weapon {unknown}
 y - a scroll of fear {unknown}
 I - a scroll of acquirement {unknown}
Potions
 c - a potion of curing
 d - 2 potions of heal wounds
 e - 2 potions of haste
 f - 14 potions of magic
 g - a potion of berserk rage
 j - 2 potions of might
 o - 4 potions of mutation
 p - 2 potions of lignification
 q - 8 potions of flight
 t - 2 potions of resistance
 w - a potion of attraction {unknown}


   Skills:
 + Level 15.0 Fighting
 + Level 17.9 Polearms
 + Level 11.0 Armour
 + Level 17.3 Dodging


You had 10 spell levels left.
You didn't know any spells.
Your spell library was empty.

Dungeon Overview and Level Annotations

Branches:
Dungeon (1/1)

Altars:
Cheibriados
Dithmenos
Elyvilon
Fedhas
Gozag
Hepliaklqana
Kikubaaqudgha
Makhleb
Nemelex Xobeh
Okawaru
Qazlal
Ru
Sif Muna
Trog
Uskayaw
Vehumet
Wu Jian
Xom
Yredelemnul
Zin
The Shining One
Beogh
Jiyva
Lugonu

Shops:
D =::[:(!:??!=![}[(*:

Annotations:
D exclusion: oklob plant, Nessos


Message History

You destroy the ice statue!
Trog accepts your kill.
The ice beast disappears in a puff of smoke! x3
You are engulfed in freezing vapours.
Your Armour skill increases to level 11!
You are engulfed in freezing vapours.
* * * LOW HITPOINT WARNING * * *
You feel a strong urge to attack something.
You are engulfed in freezing vapours.
You are engulfed in freezing vapours.
* * * LOW HITPOINT WARNING * * *
You feel your anger nearly subside.
You are engulfed in freezing vapours.
You are no longer berserk.
You are exhausted.
You feel yourself slow down.
You are engulfed in freezing vapours.
* * * LOW HITPOINT WARNING * * *
You are engulfed in freezing vapours.
You die...

≈###≈≈#._._._._#§≈≈≈≈≈#§§#
§# #§≈#.._._._.#§§§§≈≈▓..#
≈#+#≈≈#._._._..#§§§§▓▓▓▓▓▓▓
§§§≈≈≈##########≈§§≈▓zzz≈≈≈
#######≈≈≈≈≈≈≈≈≈≈§≈≈▓zzz≈≈≈
§§≈≈###≈########≈▓▓▓▓▓▓▓▓▓≈
§§§≈≈##≈#..)}:.#▓▓...°°○.▓▓
§≈§§§≈'≈#.}..).#▓..°.°○○°.▓▓
§§§§§####)[....°@°°°○○☼°°..+
§≈§≈#####:.))).##°○○○○○○°.##
#####....[...)|###○°°..°.##
..')'^..^[.|.::# #########
################


There were no monsters in sight!

Vanquished Creatures
  Gastronok (D)
  A dire elephant (D)
  3 sixfirhies (D)
  2 deep trolls (D)
  3 orc sorcerers (D)
  An ice statue (D)
  A yaktaur (D)
  A hornet (D)
  3 polar bears (D)
  2 wyverns (D)
  Menkaure (D)
  3 water moccasins (D)
  4 necrophages (D)
  A scorpion (D)
  9 electric eels (D)
  A jelly (D)
  4 worker ants (D)
  3 worms (D)
44 creatures vanquished.

Vanquished Creatures (others)
  A water moccasin (D)
  11 tentacles (D)
12 creatures vanquished.

Grand Total: 56 creatures vanquished

Notes
Turn   | Place    | Note
-------+----------+-------------------------------------------
     0 | D        | reriks the Merfolk Berserker began the quest for the Orb.
     0 | D        | Reached XP level 1. HP: 18/18 MP: 1/1
     1 | D        | Noticed a wyvern
     1 | D        | Noticed a wyvern
    11 | D        | Reached skill level 5 in Polearms
    13 | D        | Reached XP level 2. HP: 25/25 MP: 2/2
    14 | D        | Reached ** piety under Trog
    30 | D        | Killed a water moccasin
   204 | D        | Reached XP level 3. HP: 31/31 MP: 3/3
   209 | D        | Reached skill level 5 in Dodging
   209 | D        | Reached XP level 4. HP: 38/38 MP: 4/4
   211 | D        | Reached *** piety under Trog
   212 | D        | Reached skill level 5 in Fighting
   278 | D        | Noticed a necrophage
   278 | D        | Noticed a necrophage
   278 | D        | Noticed a necrophage
   278 | D        | Noticed a necrophage
   286 | D        | Killed a necrophage
   287 | D        | Reached skill level 10 in Polearms
   287 | D        | Reached XP level 5. HP: 47/47 MP: 5/5
   296 | D        | Killed a necrophage
   297 | D        | Reached XP level 6. HP: 55/55 MP: 6/6
   304 | D        | Killed a necrophage
   304 | D        | Reached **** piety under Trog
   306 | D        | Killed a necrophage
   307 | D        | Reached skill level 5 in Armour
   307 | D        | Reached XP level 7. HP: 61/61 MP: 7/7
   461 | D        | Killed a wyvern
   467 | D        | Killed a wyvern
   468 | D        | Reached skill level 10 in Dodging
   536 | D        | Found Picuu's Gadget Emporium.
   536 | D        | Found Tiadocs's Antique Weapon Emporium.
   536 | D        | Found Alaatem's Jewellery Shoppe.
   536 | D        | Found Udaosuef's Antique Armour Shoppe.
   536 | D        | Found Leurutoq's Antique Armour Shoppe.
   536 | D        | Found Bocvuugh's Distillery.
   536 | D        | Found Udoon's Magic Scroll Shoppe.
   537 | D        | Found Odghulan's Book Emporium.
   537 | D        | Found Zoficoamont's Distillery.
   537 | D        | Found Sakone Seefe's Antique Weapon Shoppe.
   538 | D        | Found Jobou's Distillery.
   539 | D        | Found Sepekhy's Book Shoppe.
   539 | D        | Found Hioficsi's Antique Armour Emporium.
   539 | D        | Noticed Menkaure
   539 | D        | Noticed an oklob plant
   556 | D        | Killed Menkaure
   556 | D        | Reached ***** piety under Trog
   557 | D        | Reached skill level 15 in Polearms
   557 | D        | Reached XP level 8. HP: 71/71 MP: 8/8
   659 | D        | Found Doipnau's Jewellery Shoppe.
   659 | D        | Found Guywk's Book Shoppe.
   663 | D        | Noticed a slime creature
   663 | D        | Noticed a slime creature
   664 | D        | Noticed a slime creature
   667 | D        | Bought a potion of might for 40 gold pieces
   667 | D        | Bought a potion of might for 40 gold pieces
   682 | D        | Bought a plate armour for 598 gold pieces
   734 | D        | Found an iron altar of Okawaru.
   734 | D        | Found a radiant altar of Vehumet.
   734 | D        | Found a glowing silver altar of Zin.
   735 | D        | Found a sparkling altar of Nemelex Xobeh.
   735 | D        | Found a hide-covered altar of Uskayaw.
   736 | D        | Found an opulent altar of Gozag.
   736 | D        | Found a burning altar of Makhleb.
   736 | D        | Found a bloodstained altar of Trog.
   737 | D        | Found a blossoming altar of Fedhas.
   737 | D        | Found a corrupted altar of Lugonu.
   737 | D        | Found a basalt altar of Yredelemnul.
   737 | D        | Found a shimmering blue altar of Sif Muna.
   744 | D        | Found a white marble altar of Elyvilon.
   744 | D        | Found an ancient bone altar of Kikubaaqudgha.
   745 | D        | Noticed a polar bear
   770 | D        | Killed a polar bear
   819 | D        | Noticed a yaktaur
   840 | D        | Killed a yaktaur
   841 | D        | Reached skill level 10 in Fighting
   983 | D        | Noticed a polar bear
   999 | D        | Killed a polar bear
  1177 | D        | Noticed a polar bear
  1361 | D        | Noticed a hornet
  1362 | D        | Found a shimmering altar of Xom.
  1374 | D        | Killed a hornet
  1375 | D        | Reached XP level 9. HP: 79/79 MP: 9/9
  1546 | D        | Killed a polar bear
  1684 | D        | Found a shadowy altar of Dithmenos.
  1684 | D        | Found a viscous altar of Jiyva.
  1685 | D        | Found a snail-covered altar of Cheibriados.
  1686 | D        | Found a roughly hewn altar of Beogh.
  1697 | D        | Noticed a kraken
  1919 | D        | Received a gift from Trog
  2073 | D        | Found a hazy altar of Hepliaklqana.
  2073 | D        | Found a sacrificial altar of Ru.
  2074 | D        | Found a stormy altar of Qazlal.
  2074 | D        | Found an ornate altar of the Wu Jian Council.
  2084 | D        | Noticed a deep troll
  2084 | D        | Noticed a deep troll
  2105 | D        | Killed a deep troll
  2135 | D        | Killed a deep troll
  2171 | D        | Found a glowing golden altar of the Shining One.
  2843 | D        | Reached ****** piety under Trog
  2843 | D        | Received a gift from Trog
  2850 | D        | Reached XP level 10. HP: 33/91 MP: 3/10
  3183 | D        | Noticed a sixfirhy
  3398 | D        | Noticed a sixfirhy
  3519 | D        | Noticed a sixfirhy
  3526 | D        | Found Goteoc's Book Shoppe.
  3527 | D        | Found Qural's General Store.
  3532 | D        | Received a gift from Trog
  3544 | D        | Killed a sixfirhy
  3545 | D        | Reached skill level 15 in Dodging
  3547 | D        | Killed a sixfirhy
  3552 | D        | Killed a sixfirhy
  3553 | D        | Reached skill level 10 in Armour
  3768 | D        | Identified the +5 hand axe "Vyecs" {antimagic, rElec rF-
                  | Stlth+}
  3777 | D        | Found Irreuh's Magic Scroll Boutique.
  3779 | D        | Found Mazig's Book Shop.
  3780 | D        | Noticed Nessos
  4207 | D        | Noticed Gastronok
  4217 | D        | Killed Gastronok
  4217 | D        | Received a gift from Trog
  4218 | D        | Reached XP level 11. HP: 101/101 MP: 11/11
  4293 | D        | Noticed a dire elephant
  4293 | D        | Noticed an orc sorcerer
  4293 | D        | Noticed an orc sorcerer
  4293 | D        | Noticed an orc sorcerer
  4302 | D        | Killed a dire elephant
  4307 | D        | Killed an orc sorcerer
  4310 | D        | Killed an orc sorcerer
  4312 | D        | Killed an orc sorcerer
  4312 | D        | Received a gift from Trog
  4313 | D        | Reached skill level 15 in Fighting
  4349 | D        | Got an ivory halberd {god gift}
  4350 | D        | Identified the +8 halberd "Pavag" {vorpal, +Fly Will+}
                  | (Trog gifted it to you in the Dungeon)
  4359 | D        | Got a wavering brass amulet
  4362 | D        | Got a bound brass ring
  4400 | D        | Got a pair of twisted boots
  4406 | D        | Identified the +2 pair of boots "Silorgh" {rElec} (You
                  | found it in the Dungeon)
  4408 | D        | Got a steaming ring mail
  4419 | D        | Identified the +0 ring mail of the Marlin {rElec rPois
                  | Regen+ Dex-5} (You found it in the Dungeon)
  4430 | D        | Identified the Papyrus of Freezing Black Rites
  4463 | D        | Engulfed by a cloud of freezing vapour

Illustrated notes

Levels and vault maps discovered:
D:        the_violet_keep_of_menkaure [sprint2_stairs_cluster_1,
          sprint2_shoproom, sprint2_temple, sprint2_basic_supplies,
          sprint2_obstacle_5, sprint2_obstacle_7, sprint2_obstacle_6,
          sprint2_obstacle_3, sprint2_obstacle_2, sprint2_timed_cluster_1,
          sprint2_smallroom_cluster_1, sprint2_smallroom_final_cluster_1,
          sprint2_transparent_cluster_1, sprint2_second_timed_cluster_1,
          sprint2_sniper_area_1, sprint2_heavy_combat_area_1,
          sprint2_mutation_trap_area_1, sprint2_forest_area_1,
          sprint2_light_combat_area_1, sprint2_behind_water_1,
          sprint2_near_end_vault_1]

Skill      XL: |  1  2  3  4  5  6  7  8  9 10 11 |
---------------+----------------------------------+-----
Polearms       | 5 7 8 10 11 13 15 17 | 17.9
Dodging        | 3 4 5 7 8 10 12 14 16 17 | 17.3
Armour         | 2 4 5 6 7 9 10 11 | 11.0
Fighting       | 4 6 7 9 10 12 14 15 | 15.0

Action                   |  1- 3 |  4- 6 |  7- 9 | 10-12 || total
-------------------------+-------+-------+-------+-------++-------
Melee: Spear             |    15 |    34 |    18 |       ||    67
       Trident           |       |       |    48 |       ||    48
       Tailslap          |       |       |     3 |       ||     3
       Glaive            |       |       |    36 |     9 ||    45
       Halberd           |       |       |       |    60 ||    60
Invok: Berserk           |     2 |     1 |     9 |     4 ||    16
       Trog's Hand       |       |       |       |     3 ||     3
  Use: Scroll            |       |       |     5 |       ||     5
       Potion            |       |       |     1 |       ||     1
Armor: Animal skin       |     1 |       |     1 |       ||     2
       Plate armour      |       |       |    29 |    12 ||    41
Dodge: Dodged            |     2 |     4 |    44 |    28 ||    78

Table legend: (Time is in decaauts)
 A = Elapsed time spent in this place.
 B = Non-inter-level travel time spent in this place.
 C = Inter-level travel time spent in this place.
 D = Time resting spent in this place.
 E = Time spent auto-exploring this place.
 F = Levels seen in this place.
 G = Mean time per level.
                   A        B        C        D        E       F      G
               +--------+--------+--------+--------+--------+-----+--------+
         Total |   4453 |   4453 |      0 |   3556 |    104 |   1 | 4453.0 |
       Dungeon |   4453 |   4453 |      0 |   3556 |    104 |   1 | 4453.0 |
               +--------+--------+--------+--------+--------+-----+--------+

Top non-repeatable levels by time:
       D: 4453 daAuts
